 Dungeon Crawl Stone Soup version 0.24-a0-462-ge24419a6ad (webtiles) character file.

Game seed: 11448449771698013696

15444776 Azzok the Invulnerable (level 27, 298/298 HPs)
             Began as a Deep Dwarf Fighter on June 30, 2019.
             Was the Champion of Makhleb.
             Escaped with the Orb
             ... and 15 runes on July 1, 2019!
             The game lasted 06:04:30 (102552 turns).

Azzok the Invulnerable (Deep Dwarf Fighter)       Turns: 102552, Time: 06:04:31

Health: 298/298    AC: 62    Str: 36    XL:     27
Magic:  16/16 (38) EV: 19    Int: 24    God:    Makhleb [******]
Gold:   10454      SH:  3    Dex: 10    Spells: 31/62 levels left

rFire    + + +     SeeInvis +   S - +9 executioner's axe (antimagic)
rCold    + + +     Gourm    .   (shield currently unavailable)
rNeg     + + +     Faith    .   p - +12 gold dragon scales
rPois    ∞         Spirit   .   j - +3 hat of Pondering {ponderous, MR+ MP+10 Int+5}
rElec    +         Reflect  +   W - scarf {rC+ rF+}
rCorr    +         Harm     .   y - +2 pair of gloves {Str+3}
MR       +++++                  O - +2 pair of boots of the Armadillo {rCorr Str+7 Int+3 Dex-4 SInv}
Stlth    ..........             Z - amulet of Muwnej Qixt {Reflect +Fly rElec MR++ SH+3}
HPRegen  0.00/turn              n - ring "Ahethah" {AC+6 Dex+2}
MPRegen  0.15/turn              G - +3 ring of slaying

@: lich-form, non-regenerating, slow
A: damage resistance, heal wounds, fire resistance 1, negative energy resistance
1, sense surroundings 3, no regeneration
0: Orb of Zot
}: 15/15 runes: decaying, serpentine, slimy, silver, golden, iron, obsidian,
icy, bone, abyssal, demonic, glowing, magical, fiery, dark
a: Heal Wounds, End Transformation, Minor Destruction, Lesser Servant of
Makhleb, Major Destruction, Greater Servant of Makhleb, Renounce Religion, Evoke
Flight


You escaped.
You worshipped Makhleb.
Makhleb was exalted by your worship.
You were not hungry.
You were a lich.
You visited 17 branches of the dungeon, and saw 89 of its levels.
You visited Pandemonium 1 time, and saw 12 of its levels.
You visited the Abyss 2 times.
You also visited: Trove, Gauntlet, Ice Cave, Wizlab and Desolation.

You collected 16325 gold pieces.
You spent 5871 gold pieces at shops.

Inventory:

Hand Weapons
 S - a +9 antimagic executioner's axe (weapon)
Missiles
 l - 6 throwing nets (quivered)
Armour
 j - the +3 hat of Pondering (worn) {ponderous, MR+ MP+10 Int+5}
   (You found it in the Desolation of Salt)

   It affects your intelligence (+5).
   It affects your resistance to hostile enchantments.
   It affects your magic capacity (+10).
 p - +12 gold dragon scales (worn)
 y - a +2 pair of gloves of strength (worn)
 O - the +2 pair of boots of the Armadillo (worn) {rCorr Str+7 Int+3 Dex-4 SInv}
   (You found it on level 3 of the Elven Halls)

   It affects your strength (+7).
   It affects your intelligence (+3).
   It affects your dexterity (-4).
   It lets you see invisible.
   It provides partial protection from all sources of acid and corrosion.
 W - a scarf of resistance (worn)
Magical Staves
 b - an uncursed staff of wizardry
Jewellery
 m - an uncursed ring of protection from fire
 n - the ring "Ahethah" (left hand) {AC+6 Dex+2}
   (You took it off Dispater on level 7 of the Iron City of Dis)

   [ring of protection]

   It affects your AC (+6).
   It affects your dexterity (+2).
 G - a +3 ring of slaying (right hand)
 Z - the amulet of Muwnej Qixt (around neck) {Reflect +Fly rElec MR++ SH+3}
   (You found it on level 3 of the Elven Halls)

   [amulet of reflection]

   It shields you and reflects attacks.
   It insulates you from electricity.
   It affects your resistance to hostile enchantments.
   It lets you fly.
   It affects your SH (+3).
Wands
 h - a wand of acid (16)
 w - a wand of digging (16)
 A - a wand of paralysis (15)
 C - a wand of iceblast (3)
 D - a wand of disintegration (46)
 F - a wand of scattershot (10)
Scrolls
 a - 2 scrolls of acquirement
 d - 4 scrolls of identify
 e - 14 scrolls of fear
 i - 29 scrolls of teleportation
 o - 50 scrolls of remove curse
 q - 10 scrolls of fog
 z - 11 scrolls of blinking
 I - a scroll of summoning
 U - 2 scrolls of magic mapping
Potions
 c - 30 potions of curing
 k - 11 potions of lignification
 s - 4 potions of resistance
 t - 9 potions of cancellation
 v - 2 potions of agility
 x - 7 potions of heal wounds
 E - 4 potions of haste
 H - 6 potions of flight
 J - 3 potions of magic
 M - 3 potions of ambrosia
 P - 7 potions of mutation {!q}
 X - 5 potions of might
 Y - 2 potions of invisibility
Miscellaneous
 g - 6 phantom mirrors
 N - 8 boxes of beasts
Comestibles
 f - 80 rations


   Skills:
 O Level 27 Fighting
 O Level 27 Axes
   Level 9.5(19.1) Maces & Flails
 O Level 27 Armour
 + Level 25.0 Dodging
   Level 4.0 Shields
 - Level 18.1 Spellcasting
 O Level 27 Necromancy
 - Level 13.0 Translocations
 - Level 24.0 Transmutations
 + Level 16.0 Air Magic
 O Level 27 Evocations


You had 31 spell levels left.
You knew the following spells:

 Your Spells              Type           Power        Failure   Level  Hunger
a - Necromutation         Tmut/Necr      ########..   1%          8    N/A
b - Borgnjor's Vile Clut  Necr/Erth      #######...   1%          5    N/A
c - Infestation           Necr           ########..   1%          8    N/A
d - Apportation           Tloc           ######       1%          1    N/A
e - Lesser Beckoning      Tloc           ######....   1%          3    N/A
f - Deflect Missiles      Chrm/Air       ######....   47%         6    N/A

Your spell library contained the following spells:

 Spells                   Type           Power        Failure   Level  Hunger
 Animate Skeleton         Necr           N/A          0%          1    N/A
 Beastly Appendage        Tmut           ######       0%          1    N/A
 Pain                     Necr           ####         0%          1    N/A
 Corpse Rot               Necr           N/A          0%          2    N/A
 Sticks to Snakes         Tmut           #######.     0%          2    N/A
 Sublimation of Blood     Necr           ########..   0%          2    N/A
 Vampiric Draining        Necr           ########..   0%          3    N/A
 Animate Dead             Necr           N/A          0%          4    N/A
 Agony                    Necr           ########     0%          5    N/A
 Blade Hands              Tmut           #######...   0%          5    N/A
 Shock                    Conj/Air       ####         1%          1    N/A
 Blink                    Tloc           N/A          1%          2    N/A
 Passwall                 Tmut/Erth      ######..     1%          2    N/A
 Poisonous Vapours        Pois/Air       ######       1%          2    N/A
 Shroud of Golubria       Chrm/Tloc      ######       1%          2    N/A
 Swiftness                Chrm/Air       ######..     1%          2    N/A
 Gell's Gravitas          Tloc           ######....   1%          3    N/A
 Ignite Poison            Fire/Tmut/Pois ######..     1%          3    N/A
 Portal Projectile        Hex/Tloc       ######       1%          3    N/A
 Recall                   Summ/Tloc      N/A          1%          3    N/A
 Spider Form              Tmut/Pois      ######....   1%          3    N/A
 Static Discharge         Conj/Air       ######..     1%          3    N/A
 Teleport Other           Tloc           ######..     1%          3    N/A
 Airstrike                Air            #######...   1%          4    N/A
 Ice Form                 Ice/Tmut       ######..     1%          4    N/A
 Petrify                  Tmut/Erth      ######..     1%          4    N/A
 Alistair's Intoxication  Tmut/Pois      ######..     1%          5    N/A
 Irradiate                Conj/Tmut      ######....   1%          5    N/A
 Yara's Violent Unravell  Hex/Tmut       ######....   1%          5    N/A
 Hydra Form               Tmut           #######...   1%          6    N/A
 Dragon Form              Tmut           #######...   1%          7    N/A
 Borgnjor's Revivificati  Necr           ########..   1%          8    N/A
 Mephitic Cloud           Conj/Pois/Air  #####...     3%          3    N/A
 Summon Lightning Spire   Summ/Air       ######..     3%          4    N/A
 Simulacrum               Ice/Necr       #######...   5%          6    N/A
 Dispersal                Tloc           ######....   7%          6    N/A
 Confusing Touch          Hex            ###...       10%         1    N/A
 Corona                   Hex            ###....      10%         1    N/A
 Flame Tongue             Conj/Fire      ###..        10%         1    N/A
 Freeze                   Ice            ###.         10%         1    N/A
 Magic Dart               Conj           ###.         10%         1    N/A
 Sandblast                Erth           ###...       10%         1    N/A
 Sting                    Conj/Pois      ###.         10%         1    N/A
 Summon Butterflies       Summ           ###.....     10%         1    N/A
 Summon Small Mammal      Summ           ###.         10%         1    N/A
 Lightning Bolt           Conj/Air       ######....   10%         5    N/A
 Silence                  Hex/Air        ######....   10%         5    N/A
 Statue Form              Tmut/Erth      ######...    11%         6    N/A
 Call Imp                 Summ           ###.....     14%         2    N/A
 Ensorcelled Hibernation  Hex/Ice        ###...       14%         2    N/A
 Slow                     Hex            ###.....     14%         2    N/A
 Throw Flame              Conj/Fire      ###...       14%         2    N/A
 Throw Frost              Conj/Ice       ###...       14%         2    N/A
 Summon Forest            Summ/Tloc      ######....   19%         5    N/A
 Confuse                  Hex            ###.....     28%         3    N/A
 Conjure Flame            Conj/Fire      ###.....     28%         3    N/A
 Dazzling Spray           Conj/Hex       ###...       28%         3    N/A
 Inner Flame              Hex/Fire       ###.....     28%         3    N/A
 Ozocubu's Armour         Chrm/Ice       ###.....     28%         3    N/A
 Stone Arrow              Conj/Erth      ###...       28%         3    N/A
 Summon Guardian Golem    Hex/Summ       ###.....     28%         3    N/A
 Tukima's Dance           Hex            ###.....     28%         3    N/A
 Haunt                    Necr/Summ      #######...   30%         7    N/A
 Conjure Ball Lightning   Conj/Air       ######....   47%         6    N/A
 Cause Fear               Hex            ###.......   67%         4    N/A
 Fulminant Prism          Conj/Hex       ###.......   67%         4    N/A
 Iskenderun's Mystic Bla  Conj           ###.....     67%         4    N/A
 Leda's Liquefaction      Hex/Erth       ###.......   67%         4    N/A
 Sticky Flame             Conj/Fire      ###.....     67%         4    N/A
 Summon Ice Beast         Ice/Summ       ###.....     67%         4    N/A
 Throw Icicle             Conj/Ice       ###.....     67%         4    N/A
 Freezing Cloud           Conj/Ice/Air   #####.....   85%         6    N/A
 Death's Door             Chrm/Necr      #######...   94%         8    N/A
 Bolt of Magma            Conj/Fire/Erth ###.......   95%         5    N/A
 Fireball                 Conj/Fire      ###.......   95%         5    N/A
 Iskenderun's Battlesphe  Conj/Chrm      ###.....     95%         5    N/A
 Lee's Rapid Deconstruct  Erth           ###.......   95%         5    N/A
 Metabolic Englaciation   Hex/Ice        ###.......   95%         5    N/A
 Venom Bolt               Conj/Pois      ###.......   95%         5    N/A
 Disjunction              Tloc           ######....   96%         8    N/A
 Malign Gateway           Summ/Tloc      ######....   99%         7    N/A
 Bolt of Cold             Conj/Ice       ###.......   100%        6    N/A
 Bolt of Fire             Conj/Fire      ###.......   100%        6    N/A
 Darkness                 Hex            ###.......   100%        6    N/A
 Invisibility             Hex            ###.....     100%        6    N/A
 Iron Shot                Conj/Erth      ###.......   100%        6    N/A
 Ozocubu's Refrigeration  Ice            ###.......   100%        6    N/A
 Poison Arrow             Conj/Pois      ###.......   100%        6    N/A
 Shadow Creatures         Summ           N/A          100%        6    N/A
 Monstrous Menagerie      Summ           ###.......   100%        7    N/A
 Orb of Destruction       Conj           ###.......   100%        7    N/A
 Ring of Flames           Chrm/Fire      ###.......   100%        7    N/A
 Spellforged Servitor     Conj/Summ      ###.......   100%        7    N/A
 Summon Greater Demon     Summ           ###.......   100%        7    N/A
 Summon Hydra             Summ           ###.......   100%        7    N/A
 Chain Lightning          Conj/Air       ######....   100%        8    N/A
 Discord                  Hex            ###.......   100%        8    N/A
 Ignition                 Fire           ###.......   100%        8    N/A
 Lehudib's Crystal Spear  Conj/Erth      ###.......   100%        8    N/A
 Summon Horrible Things   Summ           ###.......   100%        8    N/A
 Dragon's Call            Summ           ###.......   100%        9    N/A
 Fire Storm               Conj/Fire      ###.......   100%        9    N/A
 Glaciate                 Conj/Ice       ###.......   100%        9    N/A
 Shatter                  Erth           ###.......   100%        9    N/A
 Tornado                  Air            #######...   100%        9    N/A
 Regeneration             Chrm/Necr      Unusable     N/A         3    N/A
 Passage of Golubria      Tloc           Unusable     N/A         4    N/A

Dungeon Overview and Level Annotations

Branches:
Dungeon (15/15)            Temple (0/1) D:7            Lair (6/6) D:8
  Swamp (4/4) Lair:4        Snake (4/4) Lair:2        Slime (5/5) Lair:6
    Orc (2/2) D:12            Elf (3/3) Orc:2        Vaults (5/5) D:13
  Crypt (3/3) Vaults:3       Tomb (3/3) Crypt:3      Depths (5/5) D:15
   Hell (1/1)                 Dis (7/7) Hell            Geh (7/7) Hell
    Coc (7/7) Hell            Tar (7/7) Hell            Zot (5/5) Depths:5

Altars:
Cheibriados
Elyvilon
Fedhas
Gozag
Hepliaklqana
Kikubaaqudgha
Makhleb
Okawaru
Qazlal
Ru
Sif Muna
Trog
Uskayaw
Xom
Yredelemnul
Zin
The Shining One
Beogh
Jiyva

Shops:
D:6 =   D:9 !   D:10 :%   D:11 }*   D:12 :   D:15 [*   Orc:1 !   Orc:2 [[[%(
Elf:1 *   Elf:2 :::%:   Snake:2 :   Vaults:2 ?   Vaults:3 [   Vaults:4 (
Depths:4 (   Depths:5 :%

Portals:
Hell: Depths:1 Depths:2 Depths:3 Depths:4 Depths:5
Abyss: Depths:4 Depths:5
Pandemonium: Depths:3
Ziggurat: Depths:3

Annotations:
D:5 5 runed translucent doors
D:6 3 runed translucent doors, drasked's ghost, novice DEWz
D:9 2 runed translucent doors
Lair:3 exclusion: 4 oklob plants
Elf:1 1 exclusion
Vaults:4 1 runed translucent door, zkyp's ghost, veteran GnGl


Innate Abilities, Weirdness & Mutations

You are resistant to damage.
You can heal yourself by infusing magical energy.
You resist negative energy. (rN+)
You passively map a large area around you.
You do not regenerate.
Your flesh is heat resistant. (rF+)


Message History

Your unstable footing causes you to fumble your attack.
The Orb Guardian hits you.
You slash the Orb Guardian!
The Orb Guardian is lightly wounded.
The Orb Guardian hits you but does no damage.
You cut the Orb Guardian into ribbons!!!
The Orb Guardian is almost dead.
The Orb Guardian closely misses you.
You slash the Orb Guardian!
You kill the Orb Guardian!
Makhleb accepts your kill.
Your Air Magic skill increases to level 16!
You enter the shallow water.
Moving in this stuff is going to be slow.
There is an open door here.
There is a staircase leading out of the dungeon here.
Casting: Necromutation (safe; 1% risk of failure)
Confirm with . or Enter, or press ? or * to list all spells.
Okay, then.
You have escaped!

·····················▒▒··········
··▒▒·····························
·····················▒▒·········▒
··▒···················╬·········▒
··▒)··▒··▒▒▒·▒·▒·····▒▒·········▒
·········▒···▒·▒······(·········▒
·)···········╬···················
······▒·▒····▒▒▒▒▒▒▒▒▒▒··········
··▒···▒····▒·▒▒▒L··▒▒▒··▒▒·······
···········▒·≈♣▒▒·▒▒≈≈··▒▒·······
·············≈≈♣▒'▒♣≈≈···········
······(·▒··▒·≈≈≈≈≈≈≈≈≈··▒▒·······
·····▒··▒··▒▒≈≈♣▒'▒≈≈≈··▒▒·······
·····▒·······≈≈▒▒·▒▒♣≈··▒▒·······
···········▒·▒▒▒·)·▒▒▒···········
···········▒·▒▒▒▒▒▒▒▒▒···········
··················▒▒·············


There were no monsters in sight!

Vanquished Creatures
  Cerebov (Pan)
  Antaeus (Coc:7)
  the Royal Jelly (Slime:5)
  Asmodeus (Geh:7)
  Gloorx Vloq (Pan)
  Ereshkigal (Tar:7)
  the Serpent of Hell (Coc:7)
  Lom Lobon (Pan)
  Mnoleg (Pan)
  Khufu (Tomb:2)
  Dispater (Dis:7)
  7 orbs of fire
  Mennas (Depths:4)
  A juggernaut (Depths:5)
  13 ancient liches
  25 greater mummies
  Sojobo (Vaults:5)
  Boris (thrice) (Vaults:2 Depths:1 Depths:3)
  6 Killer Klowns
  Saint Roka (Snake:4)
  12 shard shrikes
  2 curse toes
  5 pandemonium lords
  11 golden dragons
  Xtahua (Vaults:5)
  Geryon (Hell)
  3 profane servitors
  Jory (Vaults:5)
  16 bone dragons
  47 Tzitzimimeh
  A Cloud Mage (WizLab)
  21 Brimstone Fiends
  9 iron giants
  11 doom hounds
  7 electric golems
  2 hellephants
  18 Ice Fiends
  18 tentacled monstrosities
  13 Hell Sentinels
  The ghost of Nimomuku the Tortoise, an adept GrFi of Makhleb (Crypt:2)
  20 liches
  27 Orb Guardians
  9 quicksilver dragons
  5 titans
  24 ancient champions
  4 eldritch tentacles
  3 deep elf master archers
  3 deep elf blademasters
  21 Executioners
  Gastronok (D:9)
  8 tentacled starspawn
  12 death cobs
  3 thorn hunters
  16 sphinxes
  20 acid blobs
  18 storm dragons
  Donald (Vaults:3)
  8 tengu reavers
  19 shadow dragons
  12 azure jellies
  2 daevas (Abyss:3)
  10 nagarajas
  7 iron dragons
  11 draconian monks
  16 fire giants
  7 draconian knights
  8 revenants
  An imperial myrmidon (Desolation)
  8 deep elf sorcerers
  16 frost giants
  10 draconian scorchers
  A corrupter (Pan)
  19 vault wardens
  19 cacodemons
  5 warmongers (Pan)
  9 ghouls
  6 deep elf elementalists
  38 balrugs
  Louise (Swamp:2)
  3 draconian stormcallers (Zot:2)
  A ghost moth (shapeshifter) (Depths:3)
  2 angels (Elf:1)
  4 draconian shifters
  5 curse skulls
  6 ghost moths
  92 reapers
  13 ironheart preservers
  33 very ugly things
  16 war gargoyles
  10 draconian annihilators
  2 spriggan defenders (Depths:5)
  20 stone giants
  An elemental wellspring (Coc:7)
  3 blood saints (Pan)
  2 entropy weavers
  18 green draconians
  17 vampire knights
  Nessos (D:13)
  A black sun (Pan)
  6 bennus (Tomb:1)
  7 deep elf annihilators
  A minotaur (Gauntlet)
  2 dire elephants (Abyss:4)
  16 red draconians
  10 yellow draconians
  4 lorocyprocas (Pan)
  2 spark wasps (WizLab)
  10 deep elf demonologists
  17 white draconians
  13 black draconians
  A halazid warlock (Desolation)
  23 purple draconians
  7 eidola
  11 deep elf death magi
  27 blizzard demons
  15 ettins
  11 fire dragons
  9 death oozes
  11 jiangshi
  10 ragged hierophants (Desolation)
  16 green deaths
  5 deep elf high priests
  Josephine (D:11)
  A merfolk impaler (Depths:1)
  5 kraken zombies
  2 crystal guardians (Desolation)
  29 mummy priests
  5 quicksilver dragon zombies
  12 great orbs of eyes
  5 quicksilver dragon skeletons
  16 rakshasas
  21 yaktaur captains
  8 servants of whispers (Desolation)
  3 monstrous demonspawn (Pan)
  17 hydras
  A juggernaut simulacrum (Depths:2)
  32 vault guards
  25 ice dragons
  8 spriggan air magi
  11 anacondas
  21 naga warriors
  13 peacekeepers (Desolation)
  7 ghost crabs
  4 hell beasts
  3 death knights
  14 ogre magi
  12 centaur warriors
  Erica (D:11)
  4 tengu warriors
  46 two-headed ogres
  38 dancing weapons
  10 alligators
  7 deep troll shamans
  2 shambling mangroves
  38 death scarabs
  3 deep troll earth magi
  5 orc high priests (Orc:2)
  19 thrashing horrors
  31 hell hogs
  8 naga sharpshooters
  11 vampire magi
  4 death yaks
  5 spriggan berserkers
  11 titan zombies
  9 shock serpents
  6 iron golems
  Urug (Lair:3)
  20 deep elf knights
  49 sun demons
  21 sixfirhies
  52 soul eaters
  8 storm dragon zombies
  7 titan skeletons
  A salamander mystic (Snake:4)
  An iron troll (Depths:4)
  89 hell knights
  197 skeletal warriors
  35 small abominations
  32 shadow wraiths
  4 storm dragon skeletons
  3 spriggan druids
  9 unseen horrors
  A fire crab (Lair:6)
  10 wretched stars
  3 golden dragon zombies
  An orange crystal statue (Depths:2)
  6 infernal demonspawn (Pan)
  5 ghost moth zombies
  5 death drakes
  14 deep trolls
  2 gelid demonspawn (Pan)
  10 glowing orange brains
  2 torturous demonspawn (Pan)
  4 golden dragon skeletons
  A quicksilver dragon simulacrum (Tar:5)
  7 spatial maelstroms
  10 wizards
  23 deep elf archers
  29 flayed ghosts
  5 shadow dragon zombies
  34 shadow demons
  11 anaconda zombies
  A lindwurm (Lair:6)
  48 phantasmal warriors
  12 swamp dragons
  25 necromancers
  2 lindwurms (shapeshifter)
  12 naga ritualists
  An orb spider (shapeshifter) (Vaults:5)
  18 orc knights
  9 wolf spider zombies
  8 anaconda skeletons
  11 frost giant zombies
  2 harpies (shapeshifter)
  23 ironbrand convokers
  15 fire giant zombies
  8 shining eyes
  12 mana vipers
  2 spectral ettins (Tar:2)
  10 salamanders
  12 cyclopes
  4 shadow dragon skeletons
  2 orc sorcerers
  A wolf spider (Vaults:2)
  A salamander (shapeshifter) (Vaults:2)
  60 deep elf magi
  80 ugly things
  8 stone giant zombies
  10 iron dragon skeletons
  8 worldbinders
  4 shock serpent zombies
  11 iron dragon zombies
  26 moths of wrath
  16 naga magi
  A water nymph (Abyss:4)
  14 elephants
  12 apocalypse crabs
  6 fire giant skeletons
  7 guardian serpents
  61 rust devils
  An eye of devastation (shapeshifter) (Vaults:2)
  8 frost giant skeletons
  3 centaur skeletons
  5 ice statues
  An eye of devastation (Slime:5)
  54 smoke demons
  48 black mambas
  12 stone giant skeletons
  13 dire elephant zombies
  24 spiny frogs
  11 molten gargoyles
  A torpor snail (shapeshifter) (Vaults:5)
  5 torpor snails
  2 black mambas (shapeshifter)
  4 storm dragon simulacra (Coc:7)
  6 gargoyles
  7 titan simulacra (Coc:7)
  2 guardian serpents (shapeshifter)
  4 catoblepas zombies
  A purple draconian zombie (Crypt:2)
  33 orange demons
  8 dire elephant skeletons
  5 emperor scorpion zombies
  4 shock serpent skeletons
  40 hellions
  14 vault sentinels
  7 komodo dragons
  A yaktaur (shapeshifter) (Depths:3)
  66 tormentors
  3 rime drakes
  43 ice devils
  12 efreet
  65 yaktaurs
  6 tengu conjurers
  2 rime drakes (shapeshifter)
  8 demonic crawlers
  33 freezing wraiths
  5 anaconda simulacra (Coc:7)
  11 ancient zymes
  A white draconian skeleton (Pan)
  A troll (shapeshifter) (Depths:3)
  2 catoblepas skeletons
  53 red devils
  5 harpy zombies
  A yellow draconian skeleton (Crypt:1)
  5 silent spectres
  12 hydra zombies
  20 hellwings
  A minotaur skeleton (Crypt:3)
  A meliai (D:10)
  A meliai (shapeshifter) (Abyss:2)
  40 guardian mummies
  4 polar bears
  19 hornets
  15 trolls
  2 wind drakes (WizLab)
  A tengu simulacrum (Depths:2)
  8 tyrant leeches
  A harpy skeleton (Abyss:3)
  9 hydra skeletons
  A dream sheep (shapeshifter) (Vaults:5)
  29 raiju
  78 saltlings (Desolation)
  An iron dragon simulacrum (Crypt:1)
  7 hippogriffs
  4 dream sheep (Lair:6)
  102 slime creatures
  15 bog bodies
  78 large abominations
  8 ettin zombies
  29 blink frogs
  7 fire dragon zombies
  A fire giant simulacrum (Abyss:4)
  2 frost giant simulacra
  11 ettin skeletons
  6 alligator zombies
  11 ice dragon zombies
  A black mamba zombie (Dis:2)
  A stone giant simulacrum (Coc:7)
  12 ice dragon skeletons
  42 wraiths
  4 alligator skeletons
  60 shadows
  148 flying skulls
  16 air elementals
  2 dire elephant simulacra
  35 ushabtiu
  A yak (shapeshifter) (Vaults:3)
  62 yaks
  A centaur simulacrum (D:14)
  28 ynoxinuls
  2 spriggans (shapeshifter)
  10 spriggans
  12 water elementals
  2 wyverns
  3 black mamba skeletons
  3 tarantellas
  A steam dragon (Lair:6)
  3 vampires
  3 fire dragon skeletons
  6 fire bats
  31 fire elementals
  A golden eye (shapeshifter) (Vaults:4)
  2 humans (shapeshifter)
  9 vampire mosquitoes
  A golden eye (Slime:5)
  7 basilisks
  31 chaos spawn
  13 hungry ghosts
  42 neqoxecs
  8 spatial vortices
  15 swamp worms
  3 wargs
  An infernal demonspawn zombie (Tar:2)
  16 insubstantial wisps
  55 nagas
  11 spiny frog zombies
  A water moccasin (shapeshifter) (Abyss:2)
  10 water moccasins
  4 acid dragons
  3 floating eyes
  7 hydra simulacra
  A merfolk skeleton (Tar:1)
  129 hell hounds
  7 porcupines
  6 sky beasts
  9 swamp drakes
  35 ice beasts
  2 black bears (shapeshifter)
  3 black bears
  A hornet zombie (D:10)
  43 orc warriors
  11 phantoms
  6 manticore zombies
  9 snapping turtle zombies
  43 necrophages
  2 alligator simulacra
  2 swamp dragon skeletons
  7 snapping turtle skeletons
  32 wolves
  8 eyes of draining
  A wolf (shapeshifter) (Depths:2)
  An ettin simulacrum (Vaults:4)
  38 ogres
  2 manticore skeletons
  15 centaurs
  13 crocodiles
  A fire crab zombie (Crypt:2)
  2 elf zombies
  2 gnoll sergeants
  3 big kobolds
  4 earth elementals
  19 bullfrogs
  An octopode zombie (Crypt:1)
  An elf skeleton (D:8)
  2 wyvern zombies
  A merfolk simulacrum (Coc:6)
  2 scorpions
  A spriggan zombie (Tar:2)
  14 killer bees
  2 wyvern skeletons (D:9)
  A water moccasin skeleton (D:9)
  A human simulacrum (Vaults:1)
  A snapping turtle simulacrum (Tar:4)
  115 wights
  A yak skeleton (Crypt:1)
  8 electric eels
  A howler monkey (D:9)
  6 lava snakes
  11 crimson imps
  A bullfrog zombie (Crypt:2)
  54 starcursed masses
  3 quasits
  20 jellies
  5 centaur zombies
  10 human zombies
  31 orc priests
  2 gnoll shamans (D:10)
  11 hounds
  23 orc wizards
  Crazy Yiuf (D:6)
  46 iron imps
  2 bullfrog skeletons
  6 human skeletons
  Ijyb (D:2)
  6 iguanas
  4 lightning spires (Depths:5)
  7 hell rats (Hell)
  14 worker ants
  A killer bee zombie (D:7)
  An ogre zombie (Tar:4)
  2 tengu skeletons
  A naga skeleton (Crypt:1)
  A hound skeleton (D:11)
  69 mummies
  25 gnolls
  13 adders
  27 shadow imps
  25 white imps
  10 ufetubi
  7 oozes
  2 adder zombies (D:7)
  3 adder skeletons
  A halfling skeleton (Crypt:1)
  2 worms
  4 ball lightnings (Pan)
  4 dart slugs
  6 leopard geckos
  120 orcs
  A bat zombie (Crypt:1)
  5 giant cockroaches
  11 goblins
  6 hobgoblins
  11 jackals
  26 kobolds
  7 quokkas
  A river rat zombie (Crypt:2)
  A ball python (D:2)
  A ball python zombie (Crypt:2)
  8 bats
  5 frilled lizards
  A gnoll skeleton (Crypt:2)
  A hobgoblin zombie (D:8)
  3 kobold skeletons
  2 kobold zombies
  An orc skeleton (D:8)
  2 orc zombies (D:8)
  A quokka skeleton (D:5)
  6 rats
  A briar patch (Abyss:4)
  6 crawling corpses
  A fire vortex (Pan)
  A fungus (Swamp:2)
  A lost soul (Tar:2)
  2 plants (Snake:4)
  6 starspawn tentacles
  5 tentacles
6209 creatures vanquished.

Vanquished Creatures (collateral kills)
  A Tzitzimitl (Dis:7)
  An Ice Fiend (Dis:7)
  A quicksilver dragon (Dis:7)
  An acid blob (Slime:5)
  An Executioner (Dis:7)
  3 ancient champions (Dis:7)
  2 war gargoyles (Dis:7)
  A quicksilver dragon zombie (Dis:7)
  3 rust devils (Dis:7)
  2 tormentors (Dis:7)
  2 freezing wraiths (Dis:7)
  2 wraiths (Dis:7)
  A spriggan zombie (Dis:7)
21 creatures vanquished.

Vanquished Creatures (others)
  A Tzitzimitl (Tar:7)
  An Orb Guardian (Zot:5)
  4 eldritch tentacles
  A draconian knight (Zot:2)
  A crystal guardian (Vaults:3)
  A green death (Pan)
  A yaktaur captain (Vaults:5)
  A naga warrior (Snake:2)
  A rakshasa (Abyss:3)
  A centaur warrior (Vaults:4)
  A dancing weapon (Elf:1)
  2 hell hogs
  3 shock serpents (WizLab)
  A deep elf knight (Elf:2)
  A death drake (WizLab)
  A hell knight (Vaults:5)
  2 necromancers (Hell)
  A wizard (Depths:5)
  A deep elf mage (Elf:1)
  A wolf spider (Vaults:1)
  A fire giant zombie (Coc:1)
  An ugly thing (Depths:2)
  A black mamba (Snake:3)
  2 smoke demons (Pan)
  A water nymph (Abyss:4)
  A hellion (Geh:6)
  2 yaktaurs (Depths:5)
  A hornet (Abyss:4)
  A fire dragon zombie (Coc:7)
  2 flying skulls (Dis:3)
  A wraith (Geh:5)
  A large abomination (Zot:2)
  A naga (Snake:1)
  A snapping turtle zombie (Geh:6)
  An iron imp (Dis:6)
  A mummy (Dis:4)
  8 ball lightnings
  2 orcs (Snake:4)
  A block of ice (Pan)
  4 briar patches (Pan)
  A bush (Lair:3)
  A fire vortex (Pan)
  13 fungi
  4 lurking horrors
  8 plants
  12 starspawn tentacles
  16 tentacles
  31 withered plants
147 creatures vanquished.

Grand Total: 6377 creatures vanquished

Notes
Turn   | Place    | Note
-------+----------+-------------------------------------------
     0 | D:1      | Azzok the Deep Dwarf Fighter began the quest for the Orb.
     0 | D:1      | Reached XP level 1. HP: 20/20 MP: 1/1
   128 | D:1      | Reached XP level 2. HP: 21/27 MP: 2/2
   508 | D:1      | Reached XP level 3. HP: 23/33 MP: 3/3
  1017 | D:2      | Reached XP level 4. HP: 42/42 MP: 4/4
  1081 | D:2      | Found a glowing golden altar of the Shining One.
  1528 | D:2      | Found a deep blue altar of Sif Muna.
  1621 | D:2      | Noticed Ijyb
  1689 | D:2      | Killed Ijyb
  1689 | D:2      | Reached XP level 5. HP: 45/49 MP: 5/5
  1931 | D:3      | Found a shimmering altar of Xom.
  1982 | D:3      | Found a glowing silver altar of Zin.
  2471 | D:3      | Found a bloodstained altar of Trog.
  2536 | D:4      | Noticed an ogre
  2545 | D:4      | Killed an ogre
  2545 | D:4      | Reached XP level 6. HP: 28/57 MP: 6/6
  2568 | D:4      | Found an opulent altar of Gozag.
  2622 | D:4      | Found an iron altar of Okawaru.
  2627 | D:4      | Reached skill level 5 in Axes
  2806 | D:4      | Reached skill level 5 in Armour
  2884 | D:4      | Reached XP level 7. HP: 28/64 MP: 7/7
  3188 | D:5      | Entered Level 5 of the Dungeon
  3555 | D:5      | Found a runed translucent door.
  3558 | D:5      | Found a runed translucent gate.
  3985 | D:5      | Found the +9 staff of Olgreb {rPois}
  4013 | D:5      | Found a runed translucent gate.
  4013 | D:5      | Found a runed translucent gate.
  4014 | D:5      | Found a runed translucent door.
  4062 | D:6      | Found a burning altar of Makhleb.
  4092 | D:6      | Became a worshipper of Makhleb the Destroyer
  4118 | D:6      | Found a runed translucent gate.
  4119 | D:6      | Found a runed translucent gate.
  4125 | D:6      | Reached XP level 8. HP: 37/73 MP: 8/8
  4134 | D:6      | Found a runed translucent gate.
  4134 | D:6      | Noticed drasked's ghost (novice DEWz)
  4185 | D:6      | Found a hide-covered altar of Uskayaw.
  4275 | D:6      | Reached skill level 5 in Fighting
  4280 | D:6      | Found a stormy altar of Qazlal.
  4432 | D:6      | Found a snail-covered altar of Cheibriados.
  4513 | D:6      | Found a runed translucent door.
  4514 | D:6      | Noticed Crazy Yiuf
  4525 | D:6      | Killed Crazy Yiuf
  4525 | D:6      | Reached skill level 1 in Evocations
  4672 | D:6      | Found Fegruon's Jewellery Emporium.
  4849 | D:7      | Found a staircase to the Ecumenical Temple.
  5020 | D:7      | Reached * piety under Makhleb
  5579 | D:7      | Gained mutation: You passively map the area around you.
                  | [Deep Dwarf growth]
  5579 | D:7      | Reached XP level 9. HP: 52/81 MP: 10/10
  5763 | D:7      | Reached skill level 5 in Evocations
  6026 | D:7      | Reached ** piety under Makhleb
  6130 | D:7      | Reached skill level 10 in Axes
  6442 | D:8      | Found a basalt altar of Yredelemnul.
  6578 | D:8      | Reached *** piety under Makhleb
  6669 | D:8      | Found a sacrificial altar of Ru.
  6700 | D:8      | Noticed a troll
  6722 | D:8      | Killed a troll
  6738 | D:8      | Reached XP level 10. HP: 54/88 MP: 13/13
  6826 | D:8      | Found a staircase to the Lair.
  7299 | D:9      | Reached **** piety under Makhleb
  7606 | D:9      | Noticed a gargoyle
  7642 | D:9      | Killed a gargoyle
  7731 | D:9      | Found a blossoming altar of Fedhas.
  7969 | D:9      | Found the +8 whip "Snakebite" {curare, rPois}
  7971 | D:9      | Found a runed translucent door.
  7971 | D:9      | Noticed an ogre mage
  8004 | D:9      | Killed an ogre mage
  8015 | D:9      | Noticed a centaur warrior
  8127 | D:9      | Killed an unseen horror
  8170 | D:9      | Found a runed translucent door.
  8259 | D:9      | Noticed Gastronok
  8281 | D:9      | Killed Gastronok
  8281 | D:9      | Reached skill level 10 in Armour
  8281 | D:9      | Reached XP level 11. HP: 89/94 MP: 15/15
  8315 | D:9      | Found a hazy altar of Hepliaklqana.
  8411 | D:9      | Found Paasur's Distillery.
  8419 | D:9      | Bought a potion of heal wounds for 65 gold pieces
  8419 | D:9      | Bought a potion of haste for 130 gold pieces
  8419 | D:9      | Bought a potion of ambrosia for 104 gold pieces
  8419 | D:9      | Bought a potion of might for 52 gold pieces
  8419 | D:9      | Bought a potion of might for 52 gold pieces
  8516 | D:10     | Entered Level 10 of the Dungeon
  8538 | D:10     | Killed an unseen horror
  8680 | D:10     | Found Bitaitic's Book Shop.
  8788 | D:10     | Reached ***** piety under Makhleb
  9117 | D:10     | Reached skill level 5 in Maces & Flails
  9208 | D:10     | Noticed a two-headed ogre
  9227 | D:10     | Killed a two-headed ogre
  9331 | D:10     | Noticed a two-headed ogre
  9344 | D:10     | Killed a two-headed ogre
  9386 | D:10     | Found Lewerche's Food Shop.
  9551 | D:10     | Noticed a green ugly thing
  9551 | D:10     | Noticed a centaur warrior
  9563 | D:10     | Killed a green ugly thing
  9563 | D:10     | Noticed a cyan ugly thing
  9570 | D:10     | Killed a cyan ugly thing
  9578 | D:10     | Killed a centaur warrior
  9583 | D:10     | Reached XP level 12. HP: 90/103 MP: 16/16
  9623 | D:10     | Noticed an eight-headed hydra
  9805 | D:10     | Killed an eight-headed hydra
 10058 | D:11     | Found Wuyno's Demolitions Depot.
 10089 | D:11     | Got an ichor-stained long sword
 10253 | D:11     | Found Eluucs Tuvosm's Gadget Boutique.
 10294 | D:11     | Noticed Erica
 10318 | D:11     | Killed Erica
 10692 | D:11     | Noticed Josephine
 10694 | D:11     | Killed Josephine
 10907 | D:11     | Reached ****** piety under Makhleb
 11088 | Lair:1   | Entered Level 1 of the Lair of Beasts
 11139 | Lair:1   | Found a frozen archway.
 11228 | IceCv    | Entered an ice cave
 11557 | IceCv    | Noticed an ice dragon
 11557 | IceCv    | Noticed an ice dragon
 11574 | IceCv    | Killed an ice dragon
 11574 | IceCv    | Reached XP level 13. HP: 68/109 MP: 17/17
 11588 | IceCv    | Reached skill level 15 in Armour
 11640 | IceCv    | Got a crude steel ring
 12072 | Lair:1   | Found an opulent altar of Gozag.
 12721 | Lair:2   | Identified the ring "Kauleym" {rN+ MR- rCorr Int+4} (You
                  | found it in an ice cave)
 13065 | Lair:2   | Found a staircase to the Snake Pit.
 14178 | Lair:3   | Noticed Urug
 14191 | Lair:3   | Killed Urug
 14812 | Lair:4   | Gained mutation: You resist negative energy. (rN+) [Deep
                  | Dwarf growth]
 14812 | Lair:4   | Reached XP level 14. HP: 91/117 MP: 18/18
 14945 | Lair:4   | You fall into a shaft and drop 1 floor!
 15093 | Lair:4   | Found a staircase to the Swamp.
 15903 | Lair:5   | Identified the cursed +2 long sword "Keirofri" {drain,
                  | rElec rF+ Str+2 Int-2} (You found it on level 11 of the
                  | Dungeon)
 16496 | Lair:6   | Entered Level 6 of the Lair of Beasts
 16716 | Lair:6   | Found a gate leading to a gauntlet.
 16730 | Gauntlet | Entered a Gauntlet
 16730 | Gauntlet | Found a transporter.
 16730 | Gauntlet | Found a transporter.
 16734 | Gauntlet | Found a transporter.
 16734 | Gauntlet | Found a transporter.
 16736 | Gauntlet | Found a large runed translucent door.
 16737 | Gauntlet | Found a large runed translucent door.
 16738 | Gauntlet | Found a large runed translucent door.
 16738 | Gauntlet | Found a large runed translucent door.
 16738 | Gauntlet | Found a runed translucent door.
 16739 | Gauntlet | Found a large runed translucent door.
 16740 | Gauntlet | Found a large runed translucent door.
 16741 | Gauntlet | Found a large runed translucent door.
 16741 | Gauntlet | Found a large runed translucent door.
 16742 | Gauntlet | Found a runed translucent gate.
 16743 | Gauntlet | Found a runed translucent gate.
 16744 | Gauntlet | Found a transporter.
 16744 | Gauntlet | Noticed a balrug
 16745 | Gauntlet | Found a transporter.
 16752 | Gauntlet | Found a runed translucent gate.
 16752 | Gauntlet | Found a runed translucent door.
 16753 | Gauntlet | Found a large runed translucent door.
 16753 | Gauntlet | Found a large runed translucent door.
 16754 | Gauntlet | Found a transporter.
 16754 | Gauntlet | Found a transporter.
 16784 | Gauntlet | Found a transporter.
 16830 | Gauntlet | Found a transporter.
 16845 | Gauntlet | Found a transporter.
 16861 | Gauntlet | Found a transporter.
 16943 | Gauntlet | Found a transporter.
 16958 | Gauntlet | Found a transporter.
 16960 | Gauntlet | Found a large runed translucent door.
 16961 | Gauntlet | Found a large runed translucent door.
 16962 | Gauntlet | Found a large runed translucent door.
 16962 | Gauntlet | Found a large runed translucent door.
 16972 | Gauntlet | Found a transporter.
 16986 | Gauntlet | Found a transporter.
 16988 | Gauntlet | Found a large runed translucent door.
 16989 | Gauntlet | Found a large runed translucent door.
 17222 | Gauntlet | Got a pair of translucent boots
 17290 | Gauntlet | Got a smoking helmet
 17357 | Gauntlet | Got a brightly glowing scimitar
 17535 | Lair:6   | Found a staircase to the Slime Pits.
 17610 | Lair:6   | Identified the +0 pair of boots "Zoam" {rPois rC+++ MP-9
                  | Int-2 Stlth+} (You found it in a Gauntlet)
 17631 | Lair:5   | Identified the cursed +0 helmet of the Wheelwright {rElec}
                  | (You found it in a Gauntlet)
 17648 | Lair:5   | Identified the +5 scimitar of Metonyopn {slice, Str+5} (You
                  | found it in a Gauntlet)
 18089 | Lair:6   | Reached XP level 15. HP: 123/123 MP: 10/19
 18309 | Lair:6   | Found a large runed translucent door.
 18309 | Lair:6   | Found a large runed translucent door.
 19204 | D:12     | Found a staircase to the Orcish Mines.
 19335 | D:12     | Found Jyniossu's Book Shoppe.
 19929 | Orc:1    | Entered Level 1 of the Orcish Mines
 20103 | Orc:1    | Found a roughly hewn altar of Beogh.
 20174 | Orc:1    | Found Fuys's Distillery.
 20182 | Orc:1    | Bought a potion of heal wounds for 80 gold pieces
 20413 | Orc:2    | Entered Level 2 of the Orcish Mines
 20557 | Orc:2    | Found a staircase to the Elven Halls.
 21250 | Orc:2    | Found Plog's Antique Armour Boutique.
 21950 | Orc:2    | Found Kaceam's Weapon Boutique.
 21953 | Orc:2    | Found Edghustoawk's Armour Boutique.
 21954 | Orc:2    | Found Pide's Armour Boutique.
 21955 | Orc:2    | Found Puulympo's Food Shop.
 21966 | Orc:2    | Bought a scarf of repulsion for 216 gold pieces
 22116 | D:10     | Bought a Necronomicon for 1435 gold pieces
 22125 | D:10     | Learned a level 8 spell: Necromutation
 22346 | D:13     | Reached skill level 1 in Necromancy
 22373 | D:13     | Reached skill level 1 in Transmutations
 22630 | D:13     | Noticed Nessos
 22647 | D:13     | Killed Nessos
 22986 | D:13     | Found a gate to the Vaults.
 23619 | D:14     | Reached XP level 16. HP: 127/130 MP: 11/20
 24074 | D:15     | Entered Level 15 of the Dungeon
 24133 | D:15     | Reached skill level 5 in Necromancy
 24196 | D:15     | Found Zeygezu's General Store.
 24238 | D:15     | Bought a scroll of fear for 63 gold pieces
 24238 | D:15     | Bought a scroll of magic mapping for 63 gold pieces
 24490 | D:15     | Found Urcha's Antique Armour Emporium.
 25030 | D:15     | Found a staircase to the Depths.
 25057 | D:15     | Reached skill level 5 in Transmutations
 25618 | Snake:1  | Entered Level 1 of the Snake Pit
 27093 | Swamp:1  | Entered Level 1 of the Swamp
 27552 | Swamp:1  | You fall into a shaft and drop 1 floor!
 27889 | Swamp:2  | You fall into a shaft and drop 1 floor!
 28535 | Swamp:2  | Reached XP level 17. HP: 137/138 MP: 12/21
 28698 | Swamp:2  | Noticed Louise
 28738 | Swamp:2  | Killed Louise
 29644 | Swamp:4  | Entered Level 4 of the Swamp
 30215 | Swamp:4  | Noticed a tentacled monstrosity
 30246 | Swamp:4  | Killed a tentacled monstrosity
 30507 | Swamp:4  | Got a decaying rune of Zot
 30649 | Swamp:4  | Reached skill level 10 in Necromancy
 31455 | Snake:2  | Got a steaming iron ring
 31705 | Snake:2  | You fall into a shaft and drop 1 floor!
 32516 | Snake:2  | Found Yhey's Book Shop.
 32822 | Snake:3  | Found a runed translucent door.
 32838 | Snake:3  | Found the +8 mithril axe "Arga" {speed, MR+}
 33023 | Snake:3  | Gained mutation: You passively map a large area around you.
                  | [Deep Dwarf growth]
 33023 | Snake:3  | Reached XP level 18. HP: 145/145 MP: 13/22
 33441 | Snake:3  | Identified the Disquisition on Earth and Intoxication
 33506 | Snake:3  | Reached skill level 15 in Axes
 33884 | Snake:4  | Entered Level 4 of the Snake Pit
 33889 | Snake:4  | Noticed Saint Roka
 33928 | Snake:4  | Killed Saint Roka
 34013 | Snake:4  | Identified the ring "Nosol" {*Tele rC+} (You found it on
                  | level 2 of the Snake Pit)
 34191 | Snake:4  | Reached skill level 10 in Transmutations
 34900 | Snake:4  | Got a serpentine rune of Zot
 35273 | Vaults:1 | Entered Level 1 of the Vaults
 35485 | Vaults:1 | Reached XP level 19. HP: 125/151 MP: 13/22
 36365 | Vaults:1 | Noticed a Brimstone Fiend
 36835 | Vaults:2 | Noticed Boris
 36850 | Vaults:2 | Killed Boris
 36957 | Vaults:2 | Found Dacobuup's Magic Scroll Shoppe.
 36965 | Vaults:2 | Bought a scroll of teleportation for 60 gold pieces
 36965 | Vaults:2 | Bought a scroll of fog for 40 gold pieces
 36965 | Vaults:2 | Bought 3 scrolls of magic mapping for 210 gold pieces
 36965 | Vaults:2 | Bought a scroll of identify for 40 gold pieces
 37925 | Vaults:3 | Noticed Donald
 37945 | Vaults:3 | Killed Donald
 38106 | Vaults:3 | Reached XP level 20. HP: 159/159 MP: 14/23
 38318 | Vaults:3 | You fall into a shaft and drop 1 floor!
 38355 | Vaults:3 | Found Cage's Antique Armour Shoppe.
 38409 | Vaults:3 | Found an ancient bone altar of Kikubaaqudgha.
 38442 | Vaults:3 | Found a staircase to the Crypt.
 38442 | Vaults:3 | Found an ancient bone altar of Kikubaaqudgha.
 38443 | Vaults:3 | Found a basalt altar of Yredelemnul.
 39255 | Vaults:4 | Found a runed translucent door.
 39489 | Vaults:4 | Reached skill level 15 in Necromancy
 39525 | Vaults:4 | Identified the Compendium of the Frostbite and Displacement
 39582 | Vaults:4 | Found Dotwiklai's Weapon Shoppe.
 40135 | Vaults:4 | Noticed zkyp's ghost (veteran GnGl)
 40416 | Elf:1    | Entered Level 1 of the Elven Halls
 40545 | Elf:1    | Found a portal to a secret trove of treasure.
 40693 | Elf:1    | Found Fubif's Assorted Antiques.
 40701 | Elf:1    | Found a ruined gateway.
 40703 | Elf:1    | Found a white marble altar of Elyvilon.
 40703 | Elf:1    | Found a glowing silver altar of Zin.
 40763 | Elf:1    | Found a glowing golden altar of the Shining One.
 40769 | Desolati | Entered the Desolation of Salt
 40868 | Desolati | Identified Sif Muna's Disquisition on Bewitching Fire
 40922 | Desolati | Reached XP level 21. HP: 145/165 MP: 15/24
 41078 | Desolati | Identified the amulet of False Pretenses {Harm *Drain rC+
                  | Int+5}
 41490 | Desolati | Found the +3 hat of Pondering {ponderous, MR+ MP+10 Int+5}
 41513 | Desolati | Identified the Volume of Changing and Conjuration
 41524 | Desolati | Identified the Handbook of Displaced Battle Magic
 42267 | Elf:1    | Found an ancient bone altar of Kikubaaqudgha.
 42818 | Elf:2    | Found Hius's Book Shoppe.
 42843 | Elf:2    | Found Buasivis's Food Emporium.
 43030 | Elf:2    | Found a runed translucent gate.
 43030 | Elf:2    | Found a runed translucent gate.
 43030 | Elf:2    | Found a runed translucent gate.
 43235 | Elf:2    | Found Zoruenat's Book Emporium.
 43247 | Elf:2    | Found Dybbami's Book Shop.
 43247 | Elf:2    | Found Unnet's Book Emporium.
 44004 | Elf:3    | Entered Level 3 of the Elven Halls
 44239 | Elf:3    | Reached XP level 22. HP: 170/172 MP: 16/25
 44331 | Elf:3    | Reached skill level 15 in Transmutations
 45084 | Elf:3    | Got a bound sapphire amulet
 45085 | Elf:3    | Identified the amulet of Muwnej Qixt {Reflect +Fly rElec
                  | MR++ SH+3} (You found it on level 3 of the Elven Halls)
 45122 | Elf:3    | Identified the Catalogue of Quantum Evil Arts
 45126 | Elf:3    | Got a brightly glowing golden amulet
 45127 | Elf:3    | Identified the amulet of Tulips {Faith +Fly rF+ Int+5} (You
                  | found it on level 3 of the Elven Halls)
 45136 | Elf:3    | Got a flickering copper ring
 45137 | Elf:3    | Identified the ring "Udujigat" {Ice +Inv Int+2 Stlth+} (You
                  | found it on level 3 of the Elven Halls)
 45172 | Elf:3    | Identified the Guide on Scorching Confrontation
 45217 | Elf:3    | Identified the +2 pair of boots of the Armadillo {rCorr
                  | Str+7 Int+3 Dex-4 SInv} (You found it on level 3 of the
                  | Elven Halls)
 45726 | Depths:1 | Entered Level 1 of the Depths
 46380 | Depths:1 | Noticed Boris
 46407 | Depths:1 | Killed Boris
 46546 | Depths:1 | Found a gateway to Hell.
 46762 | Depths:2 | Found a magical portal.
 46770 | WizLab   | Entered The Chambers of the Cloud Mage
 47237 | WizLab   | Got a glittering brass ring
 47240 | WizLab   | Got a fine wooden ring
 47242 | WizLab   | Got a fine wooden ring
 47244 | WizLab   | Identified the Disquisition on Feathers
 47478 | Depths:2 | Reached skill level 27 in Armour
 47485 | Depths:2 | Found an opulent altar of Gozag.
 47576 | Depths:2 | Reached XP level 23. HP: 178/178 MP: 26/26
 47751 | Depths:2 | You fall into a shaft and drop 2 floors!
 48138 | Depths:2 | Found a runed translucent door.
 48144 | Depths:2 | Found a runed translucent door.
 48199 | Depths:2 | Identified the ring of Kosafas {+Fly rElec rF+ Dex-2} (You
                  | found it in a wizard's laboratory)
 48200 | Depths:2 | Identified the ring "Ihosoatu" {*Drain +Blink +Fly rElec
                  | rF++} (You found it in a wizard's laboratory)
 48900 | Depths:3 | Identified the ring of the Enemy {rF- rCorr Str+4 Int+4}
                  | (You found it in a wizard's laboratory)
 49198 | Depths:3 | Found a one-way gate leading to the halls of Pandemonium.
 49213 | Depths:3 | Identified the cursed +2 quarterstaff "Jeigiut" {freeze,
                  | rF+++ Int-2 Dex+4 Stlth+}
 49229 | Depths:3 | Identified the +5 falchion of Niekh {drain, rPois SInv}
 49336 | Depths:3 | Found a snail-covered altar of Cheibriados.
 49689 | Depths:3 | Found a gateway to a ziggurat.
 49881 | Depths:3 | Noticed Boris
 49896 | Depths:3 | Killed Boris
 50381 | Depths:4 | Found a one-way gate to the infinite horrors of the Abyss.
 50397 | Depths:4 | Paralysed by a floating eye for 3 turns
 50447 | Depths:4 | Reached XP level 24. HP: 179/185 MP: 26/26
 50585 | Depths:4 | Found Emuts's Antique Weapon Emporium.
 51117 | Depths:4 | Identified a scroll of acquirement
 51125 | Depths:5 | Entered Level 5 of the Depths
 51125 | Depths:5 | Found Guttis's Book Shop.
 51184 | Depths:5 | Found Naus's Food Shoppe.
 51188 | Depths:5 | Noticed Mennas
 51301 | Depths:4 | Killed Mennas
 51497 | Depths:5 | Identified the Catalogue of Air
 52072 | Depths:5 | Noticed a juggernaut
 52095 | Depths:5 | Killed a juggernaut
 52272 | Depths:5 | Found a gate to the Realm of Zot.
 52996 | Vaults:5 | Entered Level 5 of the Vaults
 53205 | Vaults:5 | Noticed an ancient lich
 53217 | Vaults:5 | Reached XP level 25. HP: 193/193 MP: 25/25
 53247 | Vaults:4 | Killed an ancient lich
 53470 | Vaults:5 | Noticed Sojobo
 53709 | Vaults:5 | Killed Sojobo
 53926 | Vaults:5 | Noticed Jory
 53950 | Vaults:5 | Killed Jory
 53979 | Vaults:5 | Noticed an ancient lich
 53999 | Vaults:5 | Killed an ancient lich
 54056 | Vaults:5 | Identified the Guide on the Blaze and Attacks
 54391 | Vaults:5 | Noticed Xtahua
 54403 | Vaults:5 | Killed Xtahua
 54651 | Vaults:5 | Got a pair of spiked gloves
 54656 | Vaults:5 | Got a bloodstained shield
 54788 | Vaults:5 | Got a silver rune of Zot
 54791 | Vaults:5 | Identified the +4 shield of Puuruts Agun {rN+} (You found
                  | it on level 5 of the Vaults)
 54793 | Vaults:5 | Identified the +0 pair of gloves "Vanul" {rN+ Str+3} (You
                  | found it on level 5 of the Vaults)
 55970 | Crypt:1  | Entered Level 1 of the Crypt
 56025 | Crypt:1  | Reached XP level 26. HP: 201/201 MP: 25/25
 56707 | Crypt:1  | Found a basalt altar of Yredelemnul.
 57215 | Crypt:2  | Found a runed translucent gate.
 57612 | Crypt:2  | Found a runed translucent gate.
 57612 | Crypt:2  | Identified the +3 ring mail of Birdsong {rN++ Dex-4}
 57613 | Crypt:2  | Noticed Nimomuku's ghost (adept GrFi)
 57614 | Crypt:2  | Found a runed translucent gate.
 57797 | Crypt:2  | Found an iron altar of Okawaru.
 57857 | Crypt:2  | Killed Nimomuku's ghost
 58840 | Crypt:3  | Entered Level 3 of the Crypt
 59257 | Crypt:3  | Identified the +2 pair of boots "Plog" {Str+3 Dex+5} (You
                  | found it on level 3 of the Crypt)
 59618 | Crypt:3  | Found a staircase to the Tomb.
 60235 | Crypt:3  | Found an ancient bone altar of Kikubaaqudgha.
 60254 | Crypt:3  | Noticed an ancient lich
 60272 | Crypt:3  | Killed an ancient lich
 60295 | Crypt:3  | Identified the Disquisition on Hurtful Sinister Arts
 60305 | Crypt:3  | Noticed an ancient lich
 60319 | Crypt:3  | Killed an ancient lich
 61118 | Elf:2    | Bought a manual of Fighting for 1104 gold pieces
 61248 | D:11     | Bought a manual of Evocations for 1545 gold pieces
 61248 | D:11     | Bought a wand of scattershot (5) for 378 gold pieces
 61427 | Slime:1  | Entered Level 1 of the Pits of Slime
 61526 | Slime:2  | Reached XP level 27. HP: 193/207 MP: 22/25
 61928 | Slime:5  | Entered Level 5 of the Pits of Slime
 62052 | Slime:5  | Noticed the Royal Jelly
 62053 | Slime:5  | Found a viscous altar of Jiyva.
 62232 | Slime:4  | HP: 9/207 [acid[the Royal Jelly] (5)]
 62315 | Slime:5  | Killed the Royal Jelly
 62381 | Slime:5  | Got a translucent cloak
 62394 | Slime:5  | Identified the cursed +0 cloak of Cowardice {*Corrode rElec
                  | Regen+ Stlth+} (You found it on level 5 of the Pits of
                  | Slime)
 62431 | Slime:5  | Found the +4 dagger "Morg" {pain, MR+ Int+5}
 62441 | Slime:5  | Got a slimy rune of Zot
 62585 | Slime:5  | Paralysed by a floating eye for 4 turns
 63110 | Hell     | Entered the Vestibule of Hell
 63110 | Hell     | Noticed Geryon
 63154 | Hell     | Killed Geryon
 63202 | Hell     | Found a gateway to the ashen valley of Gehenna.
 63491 | Hell     | Found a gateway to the Iron City of Dis.
 63500 | Dis:1    | Entered Level 1 of the Iron City of Dis
 64180 | Dis:1    | Reached skill level 27 in Necromancy
 64539 | Dis:2    | Reached skill level 1 in Dodging
 65005 | Dis:2    | Reached skill level 10 in Evocations
 65371 | Dis:2    | Reached skill level 5 in Dodging
 66610 | Dis:3    | Reached skill level 10 in Dodging
 67057 | Dis:4    | Learned a level 5 spell: Borgnjor's Vile Clutch
 67066 | Dis:4    | Learned a level 8 spell: Infestation
 68395 | Dis:5    | Reached skill level 10 in Fighting
 69082 | Dis:5    | You fall into a shaft and drop 1 floor!
 70059 | Dis:6    | Reached skill level 15 in Dodging
 70097 | Dis:7    | Entered Level 7 of the Iron City of Dis
 71103 | Dis:7    | Identified the +4 staff of Dispater
 71103 | Dis:7    | Identified the ring "Ahethah" {AC+6 Dex+2}
 71103 | Dis:7    | Noticed Dispater
 71326 | Hell     | Found a gateway to the decaying netherworld of Tartarus.
 71348 | Tar:1    | Entered Level 1 of Tartarus
 71598 | Tar:1    | Reached skill level 1 in Spellcasting
 71901 | Tar:1    | Reached skill level 15 in Fighting
 72683 | Tar:2    | Reached skill level 5 in Spellcasting
 76097 | Tar:5    | Reached skill level 10 in Spellcasting
 76739 | Tar:7    | Entered Level 7 of Tartarus
 77625 | Tar:7    | Got a steaming zirconium amulet
 77793 | Tar:7    | Got a smoking granite ring
 77794 | Tar:7    | Identified the amulet of Naoss {+Rage rElec MR+ Int-4} (You
                  | found it on level 7 of Tartarus)
 77796 | Tar:7    | Identified the ring of Fragile Peace {Str+5 Stlth-} (You
                  | found it on level 7 of Tartarus)
 78254 | Tar:7    | Noticed Ereshkigal
 78323 | Tar:7    | Killed Ereshkigal
 78384 | Tar:7    | Got a bone rune of Zot
 78662 | Hell     | Found a gateway to the freezing wastes of Cocytus.
 78676 | Coc:1    | Entered Level 1 of Cocytus
 79218 | Coc:7    | Entered Level 7 of Cocytus
 79337 | Coc:7    | Noticed the Serpent of Hell
 79369 | Coc:7    | Killed the Serpent of Hell
 80017 | Coc:7    | Noticed Antaeus
 80050 | Coc:7    | Killed Antaeus
 80061 | Coc:7    | Got an icy rune of Zot
 80068 | Coc:7    | Identified the Reference Book on the Birds and the Oath
 80239 | Coc:7    | Identified the +4 bardiche of Duty {drain, +Rage rC- MR+
                  | Str+2}
 80254 | Coc:7    | Reached skill level 15 in Spellcasting
 80287 | Coc:7    | Identified the Grimoire of Evil Conjuration
 80965 | Dis:7    | Killed Dispater
 81001 | Dis:7    | Got an iron rune of Zot
 81007 | Dis:7    | Identified the Tome of Shape Shifting
 81245 | Geh:1    | Entered Level 1 of Gehenna
 81718 | Geh:4    | Reached skill level 27 in Axes
 82154 | Geh:7    | Entered Level 7 of Gehenna
 82409 | Geh:7    | Identified the +7 sceptre of Asmodeus
 82409 | Geh:7    | Noticed Asmodeus
 82454 | Geh:7    | Killed Asmodeus
 82454 | Geh:7    | Reached skill level 15 in Evocations
 82500 | Geh:7    | Got an obsidian rune of Zot
 83137 | D:9      | Bought a potion of magic for 104 gold pieces
 83137 | D:9      | Bought a potion of agility for 52 gold pieces
 83298 | Elf:1    | You paid a toll of 8 potions of agility to enter a treasure
                  | trove
 83299 | Trove    | Entered a treasure trove
 83303 | Trove    | Found the ring of Phasing {EV+8}
 83305 | Trove    | Got a wavering platinum ring
 83306 | Trove    | Identified the ring "Ceeh" {+Fly rF- Str+3 Int+6} (You
                  | found it in a treasure trove)
 83310 | Trove    | Got a serpentine amber ring
 83312 | Trove    | Got a pitted wooden ring
 83315 | Trove    | Got a flickering bronze ring
 83323 | Trove    | Got a scorched brass amulet
 83327 | Trove    | Got a twitching bronze amulet
 83391 | Elf:1    | Bought a scroll of identify for 78 gold pieces
 83391 | Elf:1    | Identified the ring of the Frog {rF++ MP+9 Str+2 Int+2
                  | Dex-4} (You found it in a treasure trove)
 83682 | Pan      | Entered Pandemonium
 85670 | Pan      | Noticed Qaffaomi the pandemonium lord
 85689 | Pan      | Killed Qaffaomi the pandemonium lord
 86310 | Pan      | Noticed Nafit the pandemonium lord
 86335 | Pan      | Killed Nafit the pandemonium lord
 86357 | Pan      | Got a demonic rune of Zot
 86451 | Pan      | Identified the ring "Ytoifiz" {rElec rPois rC+ MR+ Str+2}
                  | (You found it in a treasure trove)
 86726 | Pan      | Found an exit through the horrors of the Abyss.
 86784 | Pan      | Entered the realm of Lom Lobon.
 86910 | Pan      | Noticed Lom Lobon
 86936 | Pan      | Killed Lom Lobon
 86975 | Pan      | Got a magical rune of Zot
 87166 | Pan      | Learned a level 1 spell: Apportation
 87170 | Pan      | Learned a level 3 spell: Lesser Beckoning
 87174 | Pan      | Entered the realm of Cerebov.
 87196 | Pan      | Reached skill level 1 in Translocations
 87519 | Pan      | Identified the +8 morningstar of Hepliaklqana's Reproof
                  | {pain, rElec Str-3 SInv}
 87598 | Pan      | Reached skill level 5 in Translocations
 87661 | Pan      | Identified the +6 sword of Cerebov {flame}
 87661 | Pan      | Noticed Cerebov
 87743 | Pan      | Killed Cerebov
 87844 | Pan      | Got a pitted jade ring
 87912 | Pan      | Identified Has Bisi's Guide on the Oath and Creation
 87913 | Pan      | Identified Ezunaen's Guide on Aerial Displacement
 87916 | Pan      | Got a faintly glowing tin ring
 87955 | Pan      | Got a fiery rune of Zot
 88080 | Pan      | Found an exit through the horrors of the Abyss.
 88173 | Pan      | Found a transporter.
 88264 | Pan      | Found a transporter.
 88283 | Pan      | Got a heavily runed platinum amulet
 88285 | Pan      | Got a heavily runed cloak
 88470 | Pan      | Entered the realm of Gloorx Vloq.
 88559 | Pan      | Identified the ring of Juunytik {rF- rCorr Str+4 Slay+2}
                  | (You found it in Pandemonium)
 88678 | Pan      | Reached skill level 10 in Translocations
 88684 | Pan      | Noticed Gloorx Vloq
 88700 | Pan      | Killed Gloorx Vloq
 88732 | Pan      | Got a dark rune of Zot
 88735 | Pan      | Gained mutation: You can translocate small distances at
                  | will. [potion of mutation]
 88735 | Pan      | Gained mutation: You are frail. (-10% HP) [potion of
                  | mutation]
 88735 | Pan      | Gained mutation: You are partially covered in molten
                  | scales. (AC +2) [potion of mutation]
 88736 | Pan      | Lost mutation: You are partially covered in molten scales.
                  | (AC +2) [potion of mutation]
 88736 | Pan      | Lost mutation: You can translocate small distances at will.
                  | [potion of mutation]
 88736 | Pan      | Lost mutation: You are frail. (-10% HP) [potion of
                  | mutation]
 88736 | Pan      | Gained mutation: You are dopey. (Int -2) [potion of
                  | mutation]
 88736 | Pan      | Gained mutation: Your flesh is heat resistant. (rF+)
                  | [potion of mutation]
 88736 | Pan      | Lost mutation: You are dopey. (Int -2) [potion of mutation]
 88995 | Pan      | Noticed Cont the pandemonium lord
 89020 | Pan      | Killed Cont the pandemonium lord
 89157 | Pan      | Entered the realm of Mnoleg.
 89253 | Pan      | Noticed Mnoleg
 89292 | Pan      | Killed Mnoleg
 89337 | Pan      | Got a glowing rune of Zot
 89469 | Pan      | Found an exit through the horrors of the Abyss.
 89480 | Pan      | Took an exit into the Abyss.
 89480 | Abyss:1  | Escaped into the Abyss
 89481 | Abyss:1  | Upgraded the game from 0.24-a0-459-g225fefd530 to
                  | 0.24-a0-462-ge24419a6ad
 89595 | Abyss:2  | Found a corrupted altar of Lugonu.
 89716 | Abyss:2  | Paralysed by accursed screaming for 1 turns
 90358 | Abyss:3  | Found a corrupted altar of Lugonu.
 90372 | Abyss:3  | Identified the cursed +0 cloak of Icko {Regen+ rCorr} (You
                  | found it in Pandemonium)
 90446 | Abyss:3  | Identified the amulet of Marin {RegenMP +Fly rElec rC-
                  | rN+++} (You found it in Pandemonium)
 90650 | Abyss:3  | Found a snail-covered altar of Cheibriados.
 91020 | Abyss:3  | Learned a level 6 spell: Deflect Missiles
 91337 | Abyss:3  | Paralysed by you for 2 turns
 91403 | Abyss:3  | Found a corrupted altar of Lugonu.
 92166 | Abyss:4  | Got an abyssal rune of Zot
 92524 | Depths:3 | Escaped the Abyss
 93054 | Tomb:1   | Entered Level 1 of the Tomb of the Ancients
 93582 | Tomb:1   | Noticed an ancient lich
 93594 | Tomb:1   | Killed an ancient lich
 93759 | Tomb:1   | Noticed a greater mummy
 93765 | Tomb:1   | Killed a greater mummy
 94183 | Tomb:2   | Noticed a greater mummy
 94183 | Tomb:2   | Noticed a greater mummy
 94192 | Tomb:2   | Noticed an ancient lich
 94195 | Tomb:2   | Noticed a greater mummy
 94196 | Tomb:2   | Killed a greater mummy
 94209 | Tomb:2   | Killed an ancient lich
 94211 | Tomb:2   | Killed a greater mummy
 94215 | Tomb:2   | Killed a greater mummy
 94740 | Tomb:1   | Noticed a greater mummy
 94753 | Tomb:1   | Noticed a greater mummy
 94754 | Tomb:1   | Killed a greater mummy
 94760 | Tomb:1   | Killed a greater mummy
 94813 | Tomb:1   | Noticed a greater mummy
 94825 | Tomb:1   | Killed a greater mummy
 94898 | Tomb:1   | Noticed a greater mummy
 94909 | Tomb:1   | Killed a greater mummy
 94984 | Tomb:1   | Noticed a greater mummy
 94992 | Tomb:1   | Killed a greater mummy
 94997 | Tomb:1   | Noticed a greater mummy
 94998 | Tomb:1   | Noticed a greater mummy
 95006 | Tomb:1   | Killed a greater mummy
 95008 | Tomb:1   | Noticed a greater mummy
 95015 | Tomb:1   | Noticed a greater mummy
 95016 | Tomb:1   | Killed a greater mummy
 95022 | Tomb:1   | Killed a greater mummy
 95022 | Tomb:1   | Reached skill level 27 in Evocations
 95036 | Tomb:1   | Killed a greater mummy
 95038 | Tomb:1   | Noticed a greater mummy
 95050 | Tomb:1   | Killed a greater mummy
 95055 | Tomb:1   | Noticed a greater mummy
 95064 | Tomb:1   | Killed a greater mummy
 95067 | Tomb:1   | Noticed a greater mummy
 95078 | Tomb:1   | Killed a greater mummy
 95086 | Tomb:1   | Noticed a greater mummy
 95094 | Tomb:1   | Killed a greater mummy
 95094 | Tomb:1   | Reached skill level 27 in Fighting
 95096 | Tomb:1   | Noticed a greater mummy
 95109 | Tomb:1   | Killed a greater mummy
 95109 | Tomb:1   | Reached skill level 1 in Air Magic
 95158 | Tomb:2   | Noticed a greater mummy
 95164 | Tomb:2   | Noticed Khufu
 95179 | Tomb:2   | Killed a greater mummy
 95194 | Tomb:2   | Killed Khufu
 95387 | Tomb:3   | Entered Level 3 of the Tomb of the Ancients
 95397 | Tomb:3   | Noticed a greater mummy
 95404 | Tomb:3   | Noticed a greater mummy
 95407 | Tomb:3   | Noticed a greater mummy
 95408 | Tomb:3   | Killed a greater mummy
 95417 | Tomb:3   | Noticed an ancient lich
 95421 | Tomb:3   | Killed a greater mummy
 95430 | Tomb:3   | Killed a greater mummy
 95430 | Tomb:3   | Reached skill level 5 in Air Magic
 95438 | Tomb:3   | Killed an ancient lich
 95631 | Tomb:3   | Noticed a greater mummy
 95645 | Tomb:3   | Killed a greater mummy
 95659 | Tomb:3   | Identified Vehumet's Volume of Conjuration
 95667 | Tomb:3   | Noticed a greater mummy
 95671 | Tomb:3   | Noticed a greater mummy
 95678 | Tomb:3   | Killed a greater mummy
 95690 | Tomb:3   | Killed a greater mummy
 95808 | Tomb:3   | Noticed an ancient lich
 95817 | Tomb:3   | Killed an ancient lich
 95872 | Tomb:3   | Got a golden rune of Zot
 96580 | Zot:1    | Entered Level 1 of the Realm of Zot
 96637 | Zot:1    | Identified the cursed ring "Puaqaemi" {+Inv rC+ EV-4 Int+2}
                  | (You found it in Pandemonium)
 96658 | Zot:1    | Noticed an orb of fire
 96675 | Zot:1    | Killed an orb of fire
 96901 | Zot:1    | Noticed an orb of fire
 96915 | Zot:1    | Killed an orb of fire
 97240 | Zot:1    | Identified the amulet of Conversion {Acrobat rN+++ Str-4
                  | SInv} (You found it in a treasure trove)
 97242 | Zot:1    | Identified the amulet of the Louse {Spirit rPois rC++
                  | Stlth+} (You found it in a treasure trove)
 97430 | Zot:1    | Identified the ring of Dim Light {+Fly Int+4} (You found it
                  | in a treasure trove)
 98151 | Zot:2    | Reached skill level 10 in Air Magic
 98804 | Zot:2    | Got a steaming wooden ring
 98805 | Zot:2    | Identified the ring "Gewnygg" {rN+ EV+2} (You found it on
                  | level 2 of the Realm of Zot)
100895 | Zot:5    | Entered Level 5 of the Realm of Zot
101282 | Zot:5    | Identified the +2 great sword "Orb Guardian's Peril" {elec,
                  | *Drain rElec rPois MR+++}
101327 | Zot:5    | Noticed an ancient lich
101331 | Zot:5    | Noticed an ancient lich
101338 | Zot:5    | Killed an ancient lich
101339 | Zot:5    | Noticed an orb of fire
101341 | Zot:5    | Noticed an orb of fire
101342 | Zot:5    | Noticed an orb of fire
101347 | Zot:5    | Killed an ancient lich
101351 | Zot:5    | Cast into level 5 of the Abyss (the power of Zot)
101351 | Abyss:5  | Entered Level 5 of the Abyss
101351 | Abyss:5  | Entered Level 5 of the Abyss
101434 | Zot:5    | Escaped the Abyss
101443 | Zot:5    | Noticed an orb of fire
101449 | Zot:5    | Noticed an ancient lich
101453 | Zot:5    | Noticed an ancient lich
101459 | Zot:5    | Killed an ancient lich
101459 | Zot:5    | Killed an orb of fire
101460 | Zot:5    | Killed an ancient lich
101467 | Zot:5    | Killed an orb of fire
101468 | Zot:5    | Killed an orb of fire
101475 | Zot:5    | Killed an orb of fire
101506 | Zot:5    | Reached skill level 15 in Air Magic
101565 | Zot:5    | Noticed an orb of fire
101572 | Zot:5    | Killed an orb of fire
101812 | Zot:5    | Noticed an ancient lich
101818 | Zot:5    | Killed an ancient lich
101900 | Zot:5    | Got the Orb of Zot
102350 | D:7      | Noticed Gatzabi the pandemonium lord
102367 | D:7      | Killed Gatzabi the pandemonium lord
102467 | D:2      | Noticed Hoifaesk the pandemonium lord
102475 | D:2      | Killed Hoifaesk the pandemonium lord
102552 | D:$      | Escaped with the Orb!

Levels and vault maps discovered:
D:1:      sevenhm_arrival_forest_fort_small_4, layout_basic
D:2:      kennysheep_the_goblin_king, layout_loops_ring, tso_metal_star,
          lemuel_blue_sif_altar, corexii_corridor_pit
D:3:      layout_basic, zin_statuary, lemuel_coloured_pillars_altar,
          xom_teletrap_fun
D:4:      layout_loops_ring, grunt_gozag_statues, okawaru_metal_pillars_3
D:5:      layout_basic, first_ration, hangedman_decor_diamond_cutter,
          minmay_guarded_unrand_staff_of_olgreb
D:6:      layout_gridville, kennysheep_slug_shrine, lemuel_crystal_altar,
          eat_drink_and_be_merry_uskayaw, overflow_temple_1_default,
          gammafunk_ghost_necromancy, serial_shops, shop,
          uniq_crazy_yiuf_cottage
D:7:      cheibrodos_two_vegetables, layout_basic, temple_statues, the_bakery
D:8:      layout_basic, nicolae_ru_path_of_blood,
          lemuel_mausoleum_altar_yredelemnul, erik_lair_island, special_room
          [special_room_orc], minmay_mini_ossuary
D:9:      minmay_the_grid_triangle_9x9_recursive_2_mashed
          [minmay_the_grid_triangle_9x9_prize_top_heavy,
          minmay_the_grid_triangle_9x9_tough_junction,
          minmay_the_grid_triangle_9x9_corrupted_corridor,
          minmay_the_grid_triangle_9x9_thin_v], layout_basic,
          overflow_temple_1_default, serial_shops, shop, fedhas_altar_4,
          uniq_gastronok
D:10:     layout_big_octagon, serial_gnoll_camp, gnoll_camp_mini_shop,
          gnoll_camp_mini_house, gnoll_camp_medium_01, gnoll_camp_mini_shop,
          minmay_fractal_squares_gapless_7
D:11:     layout_irregular_city, serial_shops,
          nicolae_shop_temple_entry_statues_fountains, nicolae_blasting_shop,
          uniq_erica, uniq_josephine
D:12:     layout_stronghold, orc_0_dummy, serial_shops, shop_statue
D:13:     layout_irregular_city, david_vaults_1, uniq_nessos
D:14:     cheibrodos_frozen_isle, layout_rooms, abandoned_shop
D:15:     grunt_enter_depths_giant_problem, layout_basic,
          chequers_hall_statues_wall_a, serial_shops, nicolae_shop_stone, shop
Lair:1:   layout_cave_pods, portal_ice_cave_entry_ice_beasts, basic_altar
Lair:2:   layout_regular_city, dummy_snake_entry, forest_entry_grove,
          lemuel_fruit_tree, serial_bayou_shore_a, grunt_megastairs_2,
          infiniplex_staircase_pool_2
Lair:3:   layout_gridlike, grunt_megastairs_1, minmay_lair_oklob_chamber,
          uniq_urug
Lair:4:   layout_roguey, swamp_mist_pool, beast_lair_carwin_2
Lair:5:   layout_roguey, grunt_megastairs_5, infiniplex_staircase_pool
Lair:6:   cheibrodos_lair_end_hotspot, layout_gridlike,
          minmay_slime_entry_jelly_boxes, gauntlet_entry_generic, ice2_lemuel
Swamp:1:  layout_basic_swamp, evilmike_swamp_ruin_house_2
Swamp:2:  layout_basic_swamp, nicolae_swamp_fairy_circle, swamp_pool2,
          nicolae_swamp_feature_on_the_river_bank, uniq_louise
Swamp:3:  layout_falls_marsh, evilmike_swamp_ruin_rubble_1
Swamp:4:  swamp_vile, layout_basic_swamp
Snake:1:  layout_basic
Snake:2:  layout_chambers, serial_shops, shop
Snake:3:  cheibrodos_toxic_ritual, layout_cave_town
Snake:4:  minmay_snake_end_coiled, layout_misc_corridors, special_room,
          serial_bayou_pond_a, uniq_saint_roka
Slime:1:  layout_caves
Slime:2:  layout_caves, cheibrodos_slime_lost_civilization_4
Slime:3:  layout_caves
Slime:4:  layout_caves
Slime:5
Orc:1:    layout_caves, serial_shops, shop, basic_altar
Orc:2:    st_orc_pillars, layout_caves, serial_shops,
          nicolae_shop_overgrown_old_shop
Elf:1:    layout_onion_city, portal_desolation_entry_holy_temple, serial_shops,
          shop, basic_altar, nicolae_trove_entry_crossroad, evilmike_minifort
Elf:2:    layout_gridlike, serial_shops,
          nicolae_shop_temple_entry_statues_fountains, nicolae_shop_waterfront,
          shop_coins, nicolae_shop_statue_plus, shop_statue,
          minmay_checkered_concentric_circles
Elf:3:    grunt_elf_hall_spiral, layout_geoelf_octagon, serial_glass,
          glass_columns_a, glass_columns_a, glass_columns_b, glass_columns_c
Vaults:1: nicolae_vaults_theta, vaults_mumra_lcd, st_lines, v_misc_2,
          nicolae_vaults_little_squares_3, v_misc_1, v_pattern_5,
          v_alt_pattern_2, vaults_room_door_hall, v_misc_2,
          ontoclasm_vaults_twist, nicolae_vaults_little_squares_4,
          ontoclasm_vaults_shuriken, layout_vaults_omnicross
Vaults:2: grunt_vaults_hallway_long, hangedman_vaults_nails,
          ontoclasm_vaults_loading_screen, hangedman_vaults_stream,
          vaults_dpeg_hooks, vaults_standard_mumra_lines,
          hangedman_vaults_variations, hangedman_vaults_trim, v_pattern_4,
          nicolae_vaults_circle_grid_b, nicolae_vaults_little_squares_1,
          st_diamondy, ontoclasm_vaults_claustrophobia, vaults_dpeg_cross,
          layout_vaults_omnibox, serial_shops, nicolae_shop_stone, uniq_boris
Vaults:3: ontoclasm_vaults_ring_square, ontoclasm_vaults_ring_square,
          minmay_crypt_entry_necro_gods, v_rooms_3, grunt_vaults_diagonal,
          v_misc_18, hangedman_vaults_stretched_pinwheel, v_misc_29,
          nicolae_vaults_diagonal_hallway_9, hangedman_vaults_snaps,
          nicolae_vaults_diagonal_hallway_8, layout_vaults_maze_snakey,
          basic_altar, serial_shops, nicolae_shop_crystal, uniq_donald
Vaults:4: ebering_vaults_ghost_reflecting_pool, ontoclasm_vaults_gallery,
          vaults_mumra_minichess, ontoclasm_vaults_fault, hangedman_vaults_maws,
          nicolae_vaults_specimen_jars, grunt_vaults_funnel,
          ontoclasm_vaults_decontamination, layout_vaults_omnigrid,
          serial_shops, nicolae_shop_crystal
Vaults:5: uniq_sojobo, uniq_jory, uniq_xtahua
Crypt:1:  gammafunk_crypt_yreds_forest, layout_basic, nicolae_crypt_niches,
          grunt_crypt_arrival_webbed
Crypt:2:  layout_catacombs, gammafunk_ghost_fury_of_okawaru, st_stairs_7,
          nicolae_crypt_stairs_room, corexii_leaking_fountain, hex_tiny,
          chequers_hall_statues_wall_a, nicolae_crypt_cryptocurrency,
          lemuel_elevator
Crypt:3:  quadcrypt_mu
Tomb:1
Tomb:2:   uniq_khufu
Tomb:3
Depths:1: layout_cave_pools, grunt_mini_vestibule, skrybe_limestone_x,
          serial_sigils_hangedman_scratch, kennysheep_generic_room_16
Depths:2: thingy_vault_2, layout_long_grid, old_standard_altar, hellmouth_1,
          mu_enter_wizlab_2, serial_bayou_shore_b
Depths:3: pf_snail_temple, layout_cave_shapes, enter_ziggurat_f, hell_entry,
          pan_entry
Depths:4: kennysheep_blocky_hall, layout_small_grid, serial_bayou_pond_d,
          serial_shops, nicolae_shop_waterfront, hell_entry, abyss_entry,
          dispersion_dpeg
Depths:5: grunt_zot_entry_gee_three, layout_long_grid,
          minmay_misc_feat_nine_boxes, hangedman_geh_valley, serial_shops, shop,
          shop, abyss_entry, eino_tiny_chamber, hangedman_research_electronics,
          uniq_mennas
Hell
Dis:1:    layout_subdivisions
Dis:2:    layout_subdivisions
Dis:3:    layout_chaotic_city, hangedman_player_shredder
Dis:4:    layout_gridville
Dis:5:    layout_jigsaw, nicolae_dis_strange_trophy_room, grunt_megastairs_3
Dis:6:    layout_overlapping_boxes
Dis:7:    dis_hangedman
Geh:1:    layout_gehenna_pools_basic
Geh:2:    layout_gehenna_lava_caves
Geh:3:    layout_gehenna_pools_basic
Geh:4:    layout_gehenna_lava_caves
Geh:5:    layout_gehenna_pools_triple, nicolae_geh_sunburst
Geh:6:    minmay_firetagon, layout_gehenna_pools_box, lemuel_flamethrower_2,
          lemuel_elevator
Geh:7:    geh_mu
Coc:1:    layout_cocytus_water_paths
Coc:2:    layout_cocytus_water_paths
Coc:3:    layout_ice_bergs
Coc:4:    layout_cocytus_water_paths
Coc:5:    layout_ice_bergs
Coc:6:    layout_ice_bergs
Coc:7:    coc_hangedman
Tar:1:    layout_cathedral_of_symmetry
Tar:2:    hangedman_damned_closets, layout_catacombs
Tar:3:    layout_cathedral_of_symmetry
Tar:4:    layout_grid_maze, nicolae_tar_cuneiform_to_be
Tar:5:    layout_grid_maze, nicolae_tar_cuneiform_to_be,
          hangedman_tartarus_temple_path
Tar:6:    layout_catacombs, nicolae_tar_cuneiform_sun, evilmike_ambush
          [evilmike_ambush_outer_basic, evilmike_ambush_inner_basic]
Tar:7:    tar_mu [tar_mu_maze]
Zot:1:    kennysheep_room_grid, layout_basic
Zot:2:    layout_gridlike, hangedman_swamp_dais
Zot:3:    minmay_elemental_castle, layout_onion_interference,
          st_single_dragon_hoard_3
Zot:4:    kennysheep_spiral_hall, layout_gridlike, st_stairs_10,
          grunt_ministairs_7
Zot:5:    layout_cathedral_of_symmetry, st_stairs_6

Skill      XL: |  1  2  3  4  5  6  7  8  9 10 11 12 13 14 15 16 17 18 19 20 21 22 23 24 25 26 27 |
---------------+----------------------------------------------------------------------------------+-----
Axes           | 3 4 5 7 9 11 12 13 14 15 17 27 | 27.0
Fighting       | 3 4 5 27 | 27.0
Armour         | 4 5 7 8 10 12 14 18 20 22 23 24 25 26 27 | 27.0
Shields        | 4 |  4.0
Evocations     | 4 7 9 27 | 27.0
Maces & Flails | 3 7 9 |  9.5
Necromancy     | 4 8 10 12 13 15 17 18 20 22 24 25 27 | 27.0
Transmutations | 3 7 9 10 12 13 14 16 18 19 21 22 24 | 24.0
Dodging        | 25 | 25.0
Spellcasting   | 18 | 18.1
Translocations | 13 | 13.0
Air Magic      | 16 | 16.0

Action                   |  1- 3 |  4- 6 |  7- 9 | 10-12 | 13-15 | 16-18 | 19-21 | 22-24 | 25-27 || total
-------------------------+-------+-------+-------+-------+-------+-------+-------+-------+-------++-------
Melee: War axe           |    80 |   173 |   563 |    79 |       |   600 |       |       |       ||  1495
       Club              |       |    42 |       |       |       |       |       |       |       ||    42
       Hand axe          |       |       |    74 |   266 |       |       |       |       |       ||   340
       Whip              |       |       |       |   796 |  2491 |  1519 |       |       |       ||  4806
       Broad axe         |       |       |       |       |       |   576 |  2235 |  2200 |  8082 || 13093
       Demon whip        |       |       |       |       |       |    25 |       |       |       ||    25
       Executioner's axe |       |       |       |       |       |       |       |       |  4723 ||  4723
Throw: Throwing net      |       |       |       |       |     4 |       |       |       |     3 ||     7
 Cast: Necromutation     |       |       |       |       |       |       |       |       |   408 ||   408
       Borgnjor's Vile C |       |       |       |       |       |       |       |       |     7 ||     7
       Infestation       |       |       |       |       |       |       |       |       |     6 ||     6
 Abil: Heal Wounds       |     1 |     2 |     7 |     5 |     4 |     5 |       |     2 |    18 ||    44
       Evoke Flight      |       |       |       |       |     1 |       |       |       |     7 ||     8
       End Transformatio |       |       |       |       |       |       |       |       |     3 ||     3
       Stop Flying       |       |       |       |       |       |       |       |       |     1 ||     1
Evoke: Wand              |       |       |    10 |    10 |    14 |    19 |       |     9 |    16 ||    78
       Box of beasts     |       |       |       |       |       |       |       |     1 |     4 ||     5
       Phantom mirror    |       |       |       |       |       |       |       |       |     2 ||     2
  Use: Scroll            |       |     4 |     6 |     6 |    11 |     9 |     5 |    22 |    42 ||   105
       Potion            |       |       |     3 |     4 |     1 |     5 |     2 |     2 |    24 ||    41
 Stab: Held in net/web   |       |       |       |       |    10 |       |       |       |       ||    10
       Invisible         |       |       |       |       |       |       |       |       |    10 ||    10
       Distracted        |       |       |       |       |       |       |       |       |     7 ||     7
       Confused          |       |       |       |       |       |       |       |       |     5 ||     5
       Paralysed         |       |       |       |       |       |       |       |       |     2 ||     2
  Eat: Chunk             |       |     6 |    11 |    17 |    30 |    24 |    56 |    17 |    15 ||   176
       Ration            |       |       |     1 |     1 |     3 |     6 |       |     2 |    11 ||    24
Armor: Scale mail        |    40 |    83 |       |       |       |       |       |       |       ||   123
       Plate armour      |       |    33 |   333 |   504 |   946 |  1338 |  1103 |   172 |       ||  4429
       Skin              |       |       |    29 |       |       |       |       |       |       ||    29
       Gold dragon scale |       |       |       |       |       |       |       |  1302 |  9913 || 11215
Dodge: Dodged            |    21 |    62 |   156 |   302 |   581 |   664 |   488 |   505 |  6040 ||  8819
       Deflected         |       |       |       |       |    15 |    98 |    67 |     6 |       ||   186
Block: Shield            |    37 |   107 |   288 |    86 |       |       |       |       |       ||   518
       Buckler           |       |       |       |   142 |   307 |   398 |   330 |   558 |  2478 ||  4213
       Reflection        |       |       |       |       |       |       |       |    39 |    33 ||    72
       Other             |       |       |       |       |       |       |       |       |   605 ||   605

Table legend:
 A = Non-vault XP
 B = Vault XP
 C = Vault XP percentage of total XP
 D = Non-vault monster count
 E = Vault monster count
 F = Vault count percentage of total count
                 A         B        C        D         E       F
            +---------+---------+-------+---------+---------+-------
      Total | 2643295 | 2001751 |  43.1 |    4257 |    1927 |  31.2
            +---------+---------+-------+---------+---------+-------
        D:1 |      59 |       0 |   0.0 |      24 |       0 |   0.0
        D:2 |     117 |      48 |  29.1 |      29 |       7 |  19.4
        D:3 |      41 |       0 |   0.0 |      14 |       0 |   0.0
        D:4 |     545 |       0 |   0.0 |      14 |       0 |   0.0
        D:5 |     521 |       0 |   0.0 |      19 |       0 |   0.0
        D:6 |     301 |      44 |  12.8 |      12 |       2 |  14.3
        D:7 |    1464 |     566 |  27.9 |      39 |      10 |  20.4
        D:8 |    1181 |    1924 |  62.0 |      24 |      51 |  68.0
        D:9 |    2364 |    5092 |  68.3 |      37 |      14 |  27.5
       D:10 |    5114 |    5046 |  49.7 |      43 |      31 |  41.9
       D:11 |    5847 |    2617 |  30.9 |      36 |       5 |  12.2
       D:12 |    2370 |       0 |   0.0 |      15 |       0 |   0.0
       D:13 |   10361 |    4126 |  28.5 |      40 |       6 |  13.0
       D:14 |    9499 |    2233 |  19.0 |      41 |      13 |  24.1
       D:15 |   15468 |    1800 |  10.4 |      40 |       1 |   2.4
     Lair:1 |    4741 |    1028 |  17.8 |      17 |       8 |  32.0
     Lair:2 |    6892 |    1417 |  17.1 |      26 |       9 |  25.7
     Lair:3 |    9689 |    2024 |  17.3 |      28 |       5 |  15.2
     Lair:4 |   11202 |    1255 |  10.1 |      42 |       6 |  12.5
     Lair:5 |    4887 |     280 |   5.4 |      17 |       4 |  19.0
     Lair:6 |   12009 |   11213 |  48.3 |      38 |      53 |  58.2
    Swamp:1 |    5341 |       0 |   0.0 |      20 |       0 |   0.0
    Swamp:2 |   10559 |    1591 |  13.1 |      28 |       1 |   3.4
    Swamp:3 |   16043 |       0 |   0.0 |      37 |       0 |   0.0
    Swamp:4 |   17566 |   19634 |  52.8 |      27 |      28 |  50.9
    Snake:1 |   21265 |       0 |   0.0 |      36 |       0 |   0.0
    Snake:2 |   17047 |       0 |   0.0 |      30 |       0 |   0.0
    Snake:3 |   22151 |    6164 |  21.8 |      34 |      12 |  26.1
    Snake:4 |   26707 |   31886 |  54.4 |      48 |      58 |  54.7
    Slime:1 |    5137 |       0 |   0.0 |      15 |       0 |   0.0
    Slime:2 |    8122 |       0 |   0.0 |       7 |       0 |   0.0
    Slime:3 |    6865 |       0 |   0.0 |      22 |       0 |   0.0
    Slime:4 |    7686 |    2263 |  22.7 |      14 |       1 |   6.7
    Slime:5 |   14678 |   23410 |  61.5 |      34 |       9 |  20.9
      Orc:1 |    2617 |     720 |  21.6 |      25 |       4 |  13.8
      Orc:2 |    2263 |   10537 |  82.3 |      12 |      63 |  84.0
      Elf:1 |   27341 |    7022 |  20.4 |      48 |       7 |  12.7
      Elf:2 |   19823 |   29573 |  59.9 |      32 |      36 |  52.9
      Elf:3 |   11353 |   46210 |  80.3 |      18 |      33 |  64.7
   Vaults:1 |   31191 |   20878 |  40.1 |      54 |      29 |  34.9
   Vaults:2 |   10295 |   30515 |  74.8 |      19 |      37 |  66.1
   Vaults:3 |   30090 |   14280 |  32.2 |      41 |      14 |  25.5
   Vaults:4 |   78129 |   63498 |  44.8 |     103 |      51 |  33.1
   Vaults:5 |   24494 |  101832 |  80.6 |      44 |      64 |  59.3
    Crypt:1 |   36527 |   22996 |  38.6 |      60 |      17 |  22.1
    Crypt:2 |   35916 |   14433 |  28.7 |      49 |       9 |  15.5
    Crypt:3 |       0 |   66063 | 100.0 |       0 |      81 | 100.0
     Tomb:1 |   20553 |  149351 |  87.9 |      46 |      60 |  56.6
     Tomb:2 |   15885 |   58962 |  78.8 |      32 |      55 |  63.2
     Tomb:3 |    9361 |   73751 |  88.7 |      26 |      52 |  66.7
   Depths:1 |   31063 |    7611 |  19.7 |      33 |      12 |  26.7
   Depths:2 |   31833 |   25292 |  44.3 |      46 |      24 |  34.3
   Depths:3 |   42435 |   47067 |  52.6 |      39 |      50 |  56.2
   Depths:4 |   34447 |   21014 |  37.9 |      37 |       9 |  19.6
   Depths:5 |   51262 |   25942 |  33.6 |      42 |      29 |  40.8
       Hell |   28409 |   19283 |  40.4 |      49 |      33 |  40.2
      Dis:1 |   55465 |       0 |   0.0 |     100 |       0 |   0.0
      Dis:2 |   39523 |       0 |   0.0 |      88 |       0 |   0.0
      Dis:3 |   49299 |   17703 |  26.4 |      93 |      17 |  15.5
      Dis:4 |   40302 |       0 |   0.0 |      77 |       0 |   0.0
      Dis:5 |   40714 |    1639 |   3.9 |      68 |       8 |  10.5
      Dis:6 |   53034 |       0 |   0.0 |      75 |       0 |   0.0
      Dis:7 |   47949 |  113051 |  70.2 |      46 |     101 |  68.7
      Geh:1 |   30061 |       0 |   0.0 |      57 |       0 |   0.0
      Geh:2 |   11010 |       0 |   0.0 |      24 |       0 |   0.0
      Geh:3 |   13375 |       0 |   0.0 |      23 |       0 |   0.0
      Geh:4 |   29923 |       0 |   0.0 |      62 |       0 |   0.0
      Geh:5 |   34084 |       0 |   0.0 |      66 |       0 |   0.0
      Geh:6 |   17455 |    2610 |  13.0 |      37 |       5 |  11.9
      Geh:7 |   31486 |   46119 |  59.4 |      49 |      29 |  37.2
      Coc:1 |   25385 |       0 |   0.0 |      32 |       0 |   0.0
      Coc:2 |    7008 |       0 |   0.0 |       6 |       0 |   0.0
      Coc:3 |    5606 |       0 |   0.0 |       6 |       0 |   0.0
      Coc:4 |    7394 |       0 |   0.0 |      16 |       0 |   0.0
      Coc:5 |    1307 |       0 |   0.0 |       2 |       0 |   0.0
      Coc:6 |   12069 |       0 |   0.0 |      24 |       0 |   0.0
      Coc:7 |   91345 |   95869 |  51.2 |      77 |      74 |  49.0
      Tar:1 |   84308 |       0 |   0.0 |     109 |       0 |   0.0
      Tar:2 |  148622 |   15647 |   9.5 |     186 |      21 |  10.1
      Tar:3 |   34124 |       0 |   0.0 |      51 |       0 |   0.0
      Tar:4 |   22910 |       0 |   0.0 |      50 |       0 |   0.0
      Tar:5 |   45495 |       0 |   0.0 |      58 |       0 |   0.0
      Tar:6 |   14577 |   11248 |  43.6 |      18 |      24 |  57.1
      Tar:7 |   65441 |  129300 |  66.4 |      69 |      92 |  57.1
      Zot:1 |   35368 |   35721 |  50.2 |      24 |      12 |  33.3
      Zot:2 |  104345 |   14768 |  12.4 |      64 |      14 |  17.9
      Zot:3 |   61890 |    4016 |   6.1 |      37 |       1 |   2.6
      Zot:4 |   71806 |   14523 |  16.8 |      46 |       9 |  16.4
      Zot:5 |   35709 |  183042 |  83.7 |      17 |      44 |  72.1
    Abyss:2 |   57463 |       0 |   0.0 |     121 |       0 |   0.0
    Abyss:3 |   85825 |    3245 |   3.6 |     195 |       7 |   3.5
    Abyss:4 |   49700 |   18974 |  27.6 |      83 |      20 |  19.4
    Abyss:5 |   12649 |       0 |   0.0 |      13 |       0 |   0.0
        Pan |  210143 |  219272 |  51.1 |     286 |     158 |  35.6
      IceCv |       0 |    5386 | 100.0 |       0 |      20 | 100.0
     WizLab |       0 |   17524 | 100.0 |       0 |      33 | 100.0
 Desolation |       0 |   61712 | 100.0 |       0 |     122 | 100.0
   Gauntlet |       0 |    7891 | 100.0 |       0 |      13 | 100.0
            +---------+---------+-------+---------+---------+-------
